Construct Weapon Support Center
Selects Advanced Infantry Battlegroup
Mechanized Support Center
M3 Armored Personnel Carrier
Selects Convert to Ranger Squad
Construct Medical Station
Selects Artillery Observers
M3 Armored Personnel Carrier
M3 Armored Personnel Carrier
Selects Frontline Medical Station
Designate Forward Repair Station
Frontline Medical Station
Improved M9 Bazooka Rockets
M18 Hellcat Tank Destroyer
Selects M2A1 105mm Howitzer Emplacement
Selects 155mm Rapid Artillery Barrage
Designate Forward Repair Station
M4(105) Sherman Bulldozer
M4(105) Sherman Bulldozer